 Dungeon Crawl Stone Soup version 0.31.0-1-g2c135a0 (webtiles) character file.

Game seed: 15106473044286288925

18 jagoly the Trooper (level 2, -1/19 HPs)
             Began as a Gargoyle Monk on Jan 26, 2024.
             Slain by a ribbon worm (4 damage)
             ... on level 2 of the Dungeon.
             The game lasted 00:03:15 (382 turns).

jagoly the Trooper (Gargoyle Monk)                   Turns: 382, Time: 00:03:15

Health: -1/19      AC:  5    Str: 14    XL:     2   Next: 70%
Magic:  2/2        EV: 12    Int: 10    God:
Gold:   51         SH:  0    Dex: 12    Spells: 1/1 levels left

rFire   . . .        a - +0 hand axe
rCold   . . .        d - orb {light}
rNeg    + . .        b - +0 robe
rPois   ∞            (no helmet)
rElec   +            (no cloak)
rCorr   .            e - +0 pair of gloves
SInv    .            (no boots)
Will    .....        (no amulet)
Stlth   +            (no ring)
HPRegen 0.23/turn    (no ring)
MPRegen 0.08/turn

%: no passive effects
@: glowing
A: sickness immunity, AC +2, negative energy resistance 1, electricity
resistance, torment resistance 1, petrification resistance
a: no special abilities


You were on level 2 of the Dungeon.
You visited 1 branch of the dungeon, and saw 3 of its levels.

You collected 51 gold pieces.

Inventory:

Hand Weapons
 a - a +0 hand axe (weapon)
 h - a +0 spear
Armour
 b - a +0 robe (worn)
 d - an orb of light (worn)
 e - a +0 pair of gloves (worn)
Jewellery
 i - a ring of protection from fire
Scrolls
 f - a scroll of enchant armour {unknown}
 g - a scroll of identify {unknown}
 k - a scroll of teleportation {unknown}
Potions
 c - a potion of ambrosia
 j - a potion of magic {unknown}


   Skills:
 + Level 3.5 Fighting
 * Level 3.1 Axes
 - Level 2.4 Dodging
 + Level 1.1 Stealth


You had one spell level left.
You didn't know any spells.
Your spell library was empty.

Dungeon Overview and Level Annotations

Branches:
Dungeon (3/15) Zot: 17610

Altars:

Annotations:
D:2 Sigmund


Innate Abilities, Weirdness & Mutations

You are immune to sickness and miasma.
Your stone body is resilient. (AC +2)
You are immune to poison.
You resist negative energy. (rN+)
You are resistant to electric shocks. (rElec)
You are resistant to unholy torment.
You are immune to petrification.


Message History

Welcome, jagoly the Gargoyle Monk.
They say the Orb of Zot lies within this dungeon, but they say a lot of things.
Press ? for a list of commands and other information.
Found 7 gold pieces and a scroll labelled RELOUW XAETOKK.
Found a staircase leading out of the dungeon.
You open the door.
There is an open door here.
A bat comes into view.
The bat hits you but does no damage.
You barely miss the bat. The bat hits you but does no damage.
No target in view!
The bat hits you but does no damage. The bat hits you.
You hit the bat.
You kill the bat!
No target in view!
A hobgoblin comes into view.
Found 15 gold pieces.
The hobgoblin shouts!
The hobgoblin moves out of view.
Found a pair of gloves.
The hobgoblin hits you but does no damage.
You hit the hobgoblin.
The hobgoblin is severely wounded.
The hobgoblin barely misses you.
You hit the hobgoblin.
You kill the hobgoblin!
No target in view!
No target in view!
You now have 15 gold pieces.
You see here a +0 pair of gloves.
You start putting on your armour.
You continue putting on your +0 pair of gloves. x4
You finish putting on your +0 pair of gloves.
f - a scroll labelled RELOUW XAETOKK
Found a scroll labelled TEULEI SUNOMNI.
g - a scroll labelled TEULEI SUNOMNI
Found a short sword.
Found a shiny orb.
A bat comes into view.
The bat closely misses you.
You hit the bat.
You kill the bat!
No target in view!
No target in view!
A ball python comes into view.
The ball python moves out of view.
A frilled lizard comes into view.
The frilled lizard hisses angrily.
A giant cockroach comes into view.
A goblin comes into view. It is wielding a +0 dagger.
The giant cockroach moves out of view.
The goblin shouts!
You hit the ball python.
You kill the ball python!
The frilled lizard misses you.
A rat comes into view.
The rat squeaks loudly.
You hit the giant cockroach.
The giant cockroach is heavily wounded.
You barely miss the frilled lizard. The frilled lizard bites you.
The giant cockroach bites you. The frilled lizard closely misses you.
You barely miss the giant cockroach.
The giant cockroach is heavily wounded.
You hit the frilled lizard.
You kill the frilled lizard!
The giant cockroach barely misses you.
The giant cockroach bites you but does no damage.
You hit the giant cockroach.
The giant cockroach is almost dead.
You hit the goblin but do no damage. The giant cockroach barely misses you.
The goblin hits you but does no damage.
You hit the giant cockroach.
You kill the giant cockroach!
You barely miss the goblin. The goblin hits you but does no damage.
You hit the goblin.
The goblin is severely wounded.
The goblin barely misses you.
You closely miss the goblin.
The goblin is severely wounded.
You hit the rat. The goblin misses you. The rat bites you.
You slash the rat!
You kill the rat!
You barely miss the goblin. The goblin hits you but does no damage.
You have reached level 2!
You barely miss the goblin.
The goblin is severely wounded.
The goblin misses you. The goblin hits you but does no damage.
You slash the goblin!
You kill the goblin!
Your Axes skill increases to level 3!
No target in view!
Things that are here:
a +0 dagger; a goblin corpse; a frilled lizard corpse A rat comes into view.
The rat squeaks loudly.
Found 10 gold pieces.
A hobgoblin comes into view.
The hobgoblin shouts!
The rat barely misses you.
You hit the rat.
You kill the rat!
No target in view!
No target in view!
Found a spear.
You see here 10 gold pieces.
An endoplasm comes into view.
You see here 10 gold pieces.
You now have 25 gold pieces (gained 10).
The hobgoblin hits you but does no damage.
You hit the hobgoblin.
The hobgoblin is moderately wounded.
The hobgoblin hits you.
You hit the hobgoblin but do no damage.
The hobgoblin is moderately wounded.
The hobgoblin misses you.
You hit the hobgoblin.
The hobgoblin is almost dead.
The hobgoblin hits you but does no damage.
You barely miss the hobgoblin.
The hobgoblin is almost dead.
The hobgoblin hits you.
You hit the hobgoblin.
You kill the hobgoblin!
You hit the endoplasm. The endoplasm misses you.
The endoplasm closely misses you.
You hit the endoplasm.
The endoplasm is moderately wounded.
The endoplasm freezes you.
You are frozen.
You slash the endoplasm!
You kill the endoplasm!
Your Stealth skill increases to level 1!
No target in view!
You see here a +0 spear.
h - a +0 spear A rat comes into view.
The rat squeaks loudly.
You hit the rat but do no damage. The rat barely misses you.
You barely miss the rat. The rat bites you but does no damage.
You hit the rat.
You kill the rat!
No target in view!
Found a stone staircase leading down.
Found 14 gold pieces.
There is a stone staircase leading down here.
You now have 39 gold pieces (gained 14).
There is a stone staircase leading down here.
You climb downwards.
There is a stone staircase leading up here.
Found 4 gold pieces.
You now have 43 gold pieces (gained 4).
Found a stone staircase leading down.
Sigmund the Dreaded comes into view.
He is wielding a +0 scythe and wearing a +1 robe of willpower.
Sigmund says, "I'm your fate."
Sigmund hits you from afar with a +0 scythe!
Ouch! That really hurt!
* * * LOW HITPOINT WARNING * * *
There is a stone staircase leading down here.
You climb downwards.
Found 3 stones, a kite shield, 22 gold pieces, a golden ring and a short sword.
Found an escape hatch in the floor.
Found a stone staircase leading up.
There is a stone staircase leading up here.
Press: ? - help, v - describe, . - travel, g - get item Item here: a golden ring.
The floor.
This square is lit by a halo.
Unknown command.
A dart slug comes into view.
You see here a +0 kite shield.
A dart slug comes into view.
A dart slug comes into view.
The dart slug launches a dart at you. The slug dart misses you.
There is a stone staircase leading up here.
Press: ? - help, v - describe, . - travel
Here: a dart slug The floor.
Unknown command.
Unknown command.
A dart slug comes into view.
The dart slug launches a dart at you. The slug dart misses you.
You see here a ring of protection from fire.
Unknown command.
i - a ring of protection from fire The dart slug launches a dart at you.
The slug dart misses you. The dart slug launches a dart at you.
The slug dart hits you but does no damage.
There is a stone staircase leading up here.
The dart slug launches a dart at you.
The slug dart hits you but does no damage.
You climb upwards.
Level annotation: Sigmund The goblin shouts!
The endoplasm quivers.
Found a robe and 8 gold pieces.
There is a stone staircase leading down here.
A goblin comes into view. It is wielding a +0 club.
The goblin shouts!
You see here 8 gold pieces.
You now have 51 gold pieces (gained 8).
You barely miss the goblin. You hit the goblin.
The goblin is moderately wounded.
You barely miss the goblin. You hit the endoplasm. The goblin misses you.
The endoplasm hits you but does no damage.
A ribbon worm comes into view.
The goblin hits you with a +0 dagger. The goblin hits you but does no damage.
The endoplasm freezes you.
You are frozen.
You hit the goblin.
You kill the goblin!
You hit the goblin. You hit the endoplasm but do no damage.
The endoplasm hits you but does no damage.
The goblin hits you with a +0 club.
You hit the goblin.
You kill the goblin!
You hit the endoplasm.
The ribbon worm expels a string of sticky webbing.
The stream of webbing misses you. The endoplasm freezes you.
You are frozen.
* * * LOW HITPOINT WARNING * * *
Cleave: a) +0 hand axe
Press: ? - help, Dir - move target, f - endoplasm
Aim: an endoplasm (almost dead, haloed, about 3% to evade your +0 hand axe)
You hit the endoplasm.
You kill the endoplasm!
The ribbon worm expels a string of sticky webbing.
The stream of webbing hits you but does no damage.
You are caught in a web!
The web tears apart.
A ribbon worm is nearby!
A ribbon worm is nearby!
A ribbon worm is nearby!
An endoplasm comes into view.
The endoplasm quivers.
Cleave: a) +0 hand axe
Press: ? - help, Dir - move target, f - endoplasm
Aim: an endoplasm (haloed, about 3% to evade your +0 hand axe)
You hit the endoplasm but do no damage. The endoplasm barely misses you.
Cleave: a) +0 hand axe
Press: ? - help, Dir - move target, f/p - endoplasm
Aim: an endoplasm (haloed, about 3% to evade your +0 hand axe)
You slash the endoplasm!
You kill the endoplasm!
Press: ? - help, v - describe, . - travel The floor.
An endoplasm comes into view.
The endoplasm quivers.
Found a cyan potion.
You hit the endoplasm.
The endoplasm is heavily wounded.
The endoplasm freezes you.
You are frozen.
You hit the endoplasm.
You kill the endoplasm!
Found a scroll labelled BIEWKEIPUE.
A ribbon worm is nearby!
You see here a cyan potion.
j - a cyan potion You see here a scroll labelled BIEWKEIPUE.
k - a scroll labelled BIEWKEIPUE A ribbon worm is nearby!
The ribbon worm expels a string of sticky webbing.
The stream of webbing hits you but does no damage.
You are caught in a web!
There is a web here.
The web tears apart.
You have nothing you can fire or use right now.
Unknown command.
You hit the ribbon worm.
The ribbon worm is lightly wounded.
The ribbon worm bites you.
You hit the ribbon worm.
The ribbon worm is lightly wounded.
You hit the ribbon worm.
The ribbon worm is moderately wounded.
The ribbon worm expels a string of sticky webbing.
The stream of webbing hits you but does no damage.
You are caught in a web!
You struggle to detach yourself from the web.
The ribbon worm barely misses you.
The web tears apart.
The ribbon worm closely misses you.
You hit the ribbon worm but do no damage.
The ribbon worm is lightly wounded.
The ribbon worm bites you.
You hit the ribbon worm.
The ribbon worm is moderately wounded.
The ribbon worm bites you but does no damage.
You hit the ribbon worm.
The ribbon worm is moderately wounded.
The ribbon worm bites you.
You hit the ribbon worm but do no damage.
The ribbon worm is moderately wounded.
The ribbon worm bites you.
* * * LOW HITPOINT WARNING * * *
You hit the ribbon worm.
The ribbon worm is heavily wounded.
The ribbon worm expels a string of sticky webbing.
The stream of webbing hits you but does no damage.
You are caught in a web!
The web tears apart.
You hit the ribbon worm but do no damage.
The ribbon worm is heavily wounded.
The ribbon worm misses you.
You hit the ribbon worm but do no damage.
The ribbon worm is moderately wounded.
The ribbon worm expels a string of sticky webbing.
The stream of webbing hits you but does no damage.
You are caught in a web!
You struggle to detach yourself from the web.
The ribbon worm bites you.
* * * LOW HITPOINT WARNING * * *
The web tears apart.
The ribbon worm bites you.
* * * LOW HITPOINT WARNING * * *
You hit the ribbon worm.
The ribbon worm is heavily wounded.
The ribbon worm bites you but does no damage.
Cleave: a) +0 hand axe
Press: ? - help, Dir - move target, f - ribbon worm
Aim: a ribbon worm (moderately wounded, haloed, about 3% to evade your +0 hand axe)
You hit the ribbon worm.
The ribbon worm is severely wounded.
The ribbon worm expels a string of sticky webbing.
The stream of webbing misses you.
Cleave: a) +0 hand axe
Press: ? - help, Dir - move target, f/p - ribbon worm
Aim: a ribbon worm (heavily wounded, haloed, about 3% to evade your +0 hand axe)
You slash the ribbon worm!
The ribbon worm is almost dead.
The ribbon worm bites you.
You die...

#..# #.# #.#.###
#..#####.####......
#.......w.........#
##.#####.####.#....
#.# #.# #.#.#.# #.#
#.# #.#.#.# #.# #.#
#.#.#.w
####w#####.#
#.#.#.#
#...@......#
#.#.#.#
####.####### .#.#.#
#.######## #.#.#
#......... #.#
#......... #.#
########## #.# ###


You could see a ribbon worm.

Vanquished Creatures
  A ball python (D:1)
  4 endoplasms
  A giant cockroach (D:1)
  3 goblins
  2 hobgoblins (D:1)
  2 bats (D:1)
  A frilled lizard (D:1)
  3 rats (D:1)
17 creatures vanquished.

Notes
Turn   | Place    | Note
-------+----------+-------------------------------------------
     0 | D:1      | jagoly the Gargoyle Monk began the quest for the Orb.
     0 | D:1      | Reached XP level 1. HP: 14/14 MP: 1/1
   154 | D:1      | Reached XP level 2. HP: 16/19 MP: 2/2
   191 | D:1      | Reached skill level 1 in Stealth
   273 | D:2      | Noticed Sigmund
   382 | D:2      | Slain by a ribbon worm

Illustrated notes

Levels and vault maps discovered:
D:1:      dpeg_arrival_rooms_with_view, layout_rooms,
          hangedman_decor_peaks_small
D:2:      layout_basic, uniq_jessica, uniq_sigmund
D:3:      kennysheep_slugbush, layout_loops_ring, nicolae_sif_muna_condensation,
          grunt_temple_overflow_diamond, minmay_misc_feat_five

Skill      XL: |  1  2 |
---------------+-------+-----
Axes           | 3 |  3.1
Stealth        | 1 |  1.1
Fighting       | |  3.5
Dodging        | |  2.4

Action                     || total
---------------------------++-------
  Melee: Hand axe          ||    48
 Armour: Robe              ||    35
  Dodge: Dodged            ||    24
